| TOP OF THE 1ST |
|
Bellingham Mariners batting - Pitching for Medford Nuggets : RHP Anacleto Caiado
|
|
Pitching: RHP Anacleto Caiado
|
|
|
Batting: LHB Dan O'Regan
|
0-0: Ball 1-0: Ball 2-0: Swinging Strike 2-1: Called Strike 2-2: Ball 3-2: Base on Balls
|
|
Batting: RHB Edward Williams
|
0-0: Ball 1-0: Foul Ball, location: 2F 1-1: Foul Ball, location: 2F 1-2: SINGLE (Flyball, 4MD, EV 90.6 MPH) Dan O'Regan to second
|
|
Batting: RHB Juan Delgado
|
0-0: Called Strike 0-1: Swinging Strike 0-2: Ball 1-2: Foul Ball, location: 2F 1-2: Foul Ball, location: 2F 1-2: Grounds into double play, 5-4-3 (Groundball, 56, EV 80.6 MPH) Dan O'Regan to third
|
|
Batting: LHB Daniel Stryffeler
|
0-0: Called Strike 0-1: Ball Passed Ball! Dan O'Regan scores 1-1: Ball 2-1: DOUBLE (Line Drive, 8RXD, EV 103.1 MPH)
|
|
Batting: LHB Thomas Graziano
|
0-0: Swinging Strike 0-1: Swinging Strike 0-2: Ball 1-2: Foul Ball, location: 2F 1-2: Ball 2-2: Ground out 1-3 (Groundball, P, EV 63.8 MPH)
|
| Top of the 1st over - 1 run, 2 hits, 0 errors, 1 left on base; Bellingham 1 - Medford 0 |
| BOTTOM OF THE 1ST |
|
Medford Nuggets batting - Pitching for Bellingham Mariners : RHP Anthony Stearns
|
|
Pitching: RHP Anthony Stearns
|
|
|
Batting: RHB Ken Jackson
|
0-0: Ball 1-0: Ball 2-0: Called Strike 2-1: Ball 3-1: Base on Balls
|
|
Batting: RHB Juan Salinas
|
0-0: Ball 1-0: Ball 2-0: Called Strike 2-1: Swinging Strike 2-2: Ball 3-2: Strikes out swinging Ken Jackson is caught stealing 2nd base 2-4 Batter strikes out.
|
|
Batting: RHB Carl Hollis
|
0-0: Called Strike 0-1: Ball 1-1: Ball 2-1: Foul Ball, location: 2F 2-2: Ball 3-2: Strikes out swinging
|
| Bottom of the 1st over - 0 runs, 0 hits, 0 errors, 0 left on base; Bellingham 1 - Medford 0 |
| TOP OF THE 2ND |
|
Bellingham Mariners batting - Pitching for Medford Nuggets : RHP Anacleto Caiado
|
|
Batting: RHB Hector Rivera
|
0-0: Called Strike 0-1: Ball 1-1: Fly out, F7 (Flyball, 78S, EV 91.3 MPH)
|
|
Batting: RHB Elza Nevoeiro
|
0-0: Ball 1-0: Ball 2-0: Ball 3-0: Base on Balls
|
|
Batting: RHB Barry Cheesman
|
0-0: Ball 1-0: Ball 2-0: Fly out, F7 (Flyball, 7, EV 75.6 MPH)
|
|
Batting: RHB Thomas George
|
0-0: Ball 1-0: Fly out, F8 (Line Drive, 8LD, EV 91.9 MPH)
|
| Top of the 2nd over - 0 runs, 0 hits, 0 errors, 1 left on base; Bellingham 1 - Medford 0 |
| BOTTOM OF THE 2ND |
|
Medford Nuggets batting - Pitching for Bellingham Mariners : RHP Anthony Stearns
|
|
Batting: LHB Jose Mantilla
|
0-0: Foul Ball, location: 2F 0-1: Foul Ball, location: 2F 0-2: SINGLE (Line Drive, 6D, EV 96.9 MPH)
|
|
Batting: RHB Michael Moreno
|
0-0: SINGLE (Groundball, 3S, EV 66.9 MPH) (infield hit) Jose Mantilla to second
|
|
Batting: RHB Scot Mitchell
|
0-0: Foul Ball, location: 2F 0-1: Ball 1-1: Fly out, F9 (Flyball, 9, EV 90.0 MPH)
|
|
Batting: RHB Michael Lavery
|
0-0: Ball 1-0: Ball 2-0: Ball 3-0: Base on Balls Jose Mantilla to third Michael Moreno to second
|
|
Batting: RHB Jose Gonzalez
|
0-0: Grounds into double play, 4-6-3 (Groundball, 4, EV 85.6 MPH)
|
| Bottom of the 2nd over - 0 runs, 2 hits, 0 errors, 2 left on base; Bellingham 1 - Medford 0 |
| TOP OF THE 3RD |
|
Bellingham Mariners batting - Pitching for Medford Nuggets : RHP Anacleto Caiado
|
|
Batting: LHB Dan O'Regan
|
0-0: Ground out U3 (Groundball, 3, EV 85.0 MPH)
|
|
Batting: RHB Edward Williams
|
0-0: Ball 1-0: Ball 2-0: Called Strike 2-1: Swinging Strike 2-2: Ball 3-2: Foul Ball, location: 2F 3-2: Strikes out swinging
|
|
Batting: RHB Juan Delgado
|
0-0: Ball 1-0: Foul Ball, location: 2F 1-1: Ball 2-1: Foul Ball, location: 2F 2-2: Ball 3-2: Foul Ball, location: 2F 3-2: Ground out 3-1 (Groundball, 34, EV 83.8 MPH)
|
| Top of the 3rd over - 0 runs, 0 hits, 0 errors, 0 left on base; Bellingham 1 - Medford 0 |
| BOTTOM OF THE 3RD |
|
Medford Nuggets batting - Pitching for Bellingham Mariners : RHP Anthony Stearns
|
|
Batting: RHB Tito Nieves
|
0-0: SINGLE (Line Drive, 89S, EV 90.6 MPH)
|
|
Batting: RHB Ken Jackson
|
0-0: Called Strike 0-1: Ball 1-1: Ball 2-1: Fly out, F8 (Flyball, 8LD, EV 90.0 MPH)
|
|
Batting: RHB Juan Salinas
|
0-0: Ball Tito Nieves steals 2nd base (no throw) 1-0: Fly out, F2 (Popup, 3SF, EV 80.6 MPH)
|
|
Batting: RHB Carl Hollis
|
0-0: Called Strike 0-1: Swinging Strike 0-2: Strikes out looking
|
| Bottom of the 3rd over - 0 runs, 1 hit, 0 errors, 1 left on base; Bellingham 1 - Medford 0 |
| TOP OF THE 4TH |
|
Bellingham Mariners batting - Pitching for Medford Nuggets : RHP Anacleto Caiado
|
|
Batting: LHB Daniel Stryffeler
|
0-0: Ball 1-0: Ground out U3 (Groundball, 23, EV 85.0 MPH)
|
|
Batting: LHB Thomas Graziano
|
0-0: Ball 1-0: Fly out, F7 (Flyball, 78D, EV 89.4 MPH)
|
|
Batting: RHB Hector Rivera
|
0-0: Called Strike 0-1: Swinging Strike 0-2: SINGLE (Line Drive, 56, EV 96.9 MPH)
|
|
Batting: RHB Elza Nevoeiro
|
0-0: Ball 1-0: Ball 2-0: Ball 3-0: Base on Balls Hector Rivera to second
|
|
Batting: RHB Barry Cheesman
|
0-0: Called Strike 0-1: Fielders Choice at 2nd, U6 (Groundball, 6M, EV 81.9 MPH)
|
| Top of the 4th over - 0 runs, 1 hit, 0 errors, 2 left on base; Bellingham 1 - Medford 0 |
| BOTTOM OF THE 4TH |
|
Medford Nuggets batting - Pitching for Bellingham Mariners : RHP Anthony Stearns
|
|
Batting: LHB Jose Mantilla
|
0-0: Swinging Strike 0-1: Ball 1-1: Ball 2-1: Fly out, F6 (Flyball, 56D, EV 86.9 MPH)
|
|
Batting: RHB Michael Moreno
|
0-0: Fly out, F9 (Flyball, 89M, EV 81.3 MPH)
|
|
Batting: RHB Scot Mitchell
|
0-0: Ball 1-0: Ball 2-0: Foul Ball, location: 2F 2-1: Fly out, F8 (Flyball, 8RD, EV 98.8 MPH)
|
| Bottom of the 4th over - 0 runs, 0 hits, 0 errors, 0 left on base; Bellingham 1 - Medford 0 |
| TOP OF THE 5TH |
|
Bellingham Mariners batting - Pitching for Medford Nuggets : RHP Anacleto Caiado
|
|
Batting: RHB Thomas George
|
0-0: Ball 1-0: Ball 2-0: Ball 3-0: Base on Balls
|
|
Batting: LHB Dan O'Regan
|
0-0: Called Strike 0-1: Fielders Choice at 2nd, 5-4 (Groundball, 56, EV 104.4 MPH)
|
|
Batting: RHB Edward Williams
|
0-0: Ball 1-0: Swinging Strike 1-1: Foul Ball, location: 2F 1-2: Strikes out looking
|
|
Batting: RHB Juan Delgado
|
0-0: Ball 1-0: Ball 2-0: Ball 3-0: Called Strike 3-1: Ground out 4-3 (Groundball, 4, EV 106.3 MPH)
|
| Top of the 5th over - 0 runs, 0 hits, 0 errors, 1 left on base; Bellingham 1 - Medford 0 |
| BOTTOM OF THE 5TH |
|
Medford Nuggets batting - Pitching for Bellingham Mariners : RHP Anthony Stearns
|
|
Batting: RHB Michael Lavery
|
0-0: Swinging Strike 0-1: Ball 1-1: Ball 2-1: Called Strike 2-2: Ball 3-2: Foul Ball, location: 2F 3-2: Strikes out looking and he ARGUES THE CALL AND IS TOSSED!
|
|
Batting: RHB Jose Gonzalez
|
0-0: Ball 1-0: Swinging Strike 1-1: Fly out, F8 (Line Drive, 8LM, EV 91.9 MPH)
|
|
Batting: RHB Tito Nieves
|
0-0: Ball 1-0: Ball 2-0: Swinging Strike 2-1: Foul Ball, location: 2F 2-2: Ground out 4-3 (Groundball, 4M, EV 76.3 MPH)
|
| Bottom of the 5th over - 0 runs, 0 hits, 0 errors, 0 left on base; Bellingham 1 - Medford 0 |
| TOP OF THE 6TH |
|
Bellingham Mariners batting - Pitching for Medford Nuggets : RHP Anacleto Caiado
|
|
Batting: LHB Daniel Stryffeler
|
0-0: Ball 1-0: Swinging Strike 1-1: Ball 2-1: Ball 3-1: Fly out, F8 (Flyball, 8RXD, EV 94.4 MPH)
|
|
Batting: LHB Thomas Graziano
|
0-0: Called Strike 0-1: SINGLE (Line Drive, 6D, EV 95.0 MPH)
|
|
Batting: RHB Hector Rivera
|
0-0: Ball 1-0: Grounds into double play, 6-4-3 (Groundball, 6, EV 101.3 MPH)
|
| Top of the 6th over - 0 runs, 1 hit, 0 errors, 0 left on base; Bellingham 1 - Medford 0 |
| BOTTOM OF THE 6TH |
|
Medford Nuggets batting - Pitching for Bellingham Mariners : RHP Anthony Stearns
|
|
Batting: RHB Ken Jackson
|
0-0: Ground out 4-3 (Groundball, 4S, EV 68.8 MPH)
|
|
Batting: RHB Juan Salinas
|
0-0: Ball 1-0: Fly out, F9 (Flyball, 89D, EV 95.6 MPH)
|
|
Batting: RHB Carl Hollis
|
0-0: Ball 1-0: Called Strike 1-1: Foul Ball, location: 2F 1-2: Ball 2-2: Ball 3-2: SOLO HOME RUN (Flyball, 7D, EV 98.1 MPH), Distance : 382 ft
|
|
Batting: LHB Jose Mantilla
|
0-0: Ball 1-0: Ball 2-0: SINGLE (Line Drive, 7S, EV 110.0 MPH)
|
|
Batting: RHB Michael Moreno
|
0-0: Ball 1-0: Called Strike 1-1: Called Strike 1-2: Ball 2-2: Ball 3-2: Fly out, F2 (Popup, 3SF, EV 76.3 MPH)
|
| Bottom of the 6th over - 1 run, 2 hits, 0 errors, 1 left on base; Bellingham 1 - Medford 1 |
| TOP OF THE 7TH |
|
Bellingham Mariners batting - Pitching for Medford Nuggets : RHP Anacleto Caiado
|
|
Batting: RHB Elza Nevoeiro
|
0-0: Ball 1-0: Called Strike 1-1: SINGLE (Line Drive, 78S, EV 103.1 MPH)
|
|
Batting: RHB Barry Cheesman
|
0-0: Ball 1-0: Sac Bunt to 13 - play at first, batter OUT! 1-4 Elza Nevoeiro to second
|
|
Batting: RHB Thomas George
|
0-0: Ball 1-0: Ground out 6-3 (Groundball, 6, EV 88.1 MPH)
|
|
Batting: LHB Dan O'Regan
|
0-0: Ball 1-0: Ball 2-0: Called Strike 2-1: Ball 3-1: Base on Balls
|
|
Pinch Runner at 2nd Norm Carrasco:
|
|
|
Batting: RHB Edward Williams
|
0-0: Called Strike 0-1: Swinging Strike 0-2: Ball 1-2: Strikes out swinging
|
| Top of the 7th over - 0 runs, 1 hit, 0 errors, 2 left on base; Bellingham 1 - Medford 1 |
| BOTTOM OF THE 7TH |
|
Medford Nuggets batting - Pitching for Bellingham Mariners : RHP Anthony Stearns
|
|
Now at 1B: Jeff Datz
|
|
|
Batting: RHB Scot Mitchell
|
0-0: Called Strike 0-1: Ball 1-1: Ball 2-1: Ball 3-1: Base on Balls
|
|
Batting: RHB Michael Gambeski
|
0-0: Called Strike 0-1: Ball 1-1: Ball 2-1: SINGLE (Groundball, 56D, EV 98.8 MPH) Scot Mitchell to second
|
|
Batting: RHB Jose Gonzalez
|
0-0: Bunted foul 0-1: Bunt missed! 0-2: SINGLE (Groundball, 4MD, EV 98.8 MPH) Scot Mitchell to third Michael Gambeski to second Runner from 3rd tries for Home, SAFE, throw by CF to home
|
|
Batting: RHB Tito Nieves
|
0-0: Ball 1-0: Called Strike 1-1: Ball 2-1: Foul Ball, location: 2F 2-2: Fielders Choice at 2nd, 4-6 (Groundball, 34, EV 96.3 MPH) Michael Gambeski to third
|
|
Batting: RHB Ken Jackson
|
0-0: Ball 1-0: Called Strike 1-1: Called Strike 1-2: Foul Ball, location: 2F 1-2: Ball 2-2: Foul Ball, location: 2F 2-2: Foul Ball, location: 2F 2-2: Reached via error on a dropped throw from 1B, E1 (Groundball, 34S, EV 84.4 MPH) Michael Gambeski scores Tito Nieves to second
|
|
Batting: RHB Juan Salinas
|
0-0: Called Strike 0-1: Ball 1-1: Swinging Strike 1-2: Ball 2-2: Ball 3-2: Fly out, F6 (Line Drive, 6, EV 66.3 MPH)
|
|
Batting: RHB Carl Hollis
|
0-0: Ball 1-0: Ball 2-0: Ball 3-0: Base on Balls Tito Nieves to third Ken Jackson to second
|
|
Batting: LHB Jose Mantilla
|
0-0: Foul Ball, location: 2F 0-1: Ball 1-1: Ball 2-1: Ball 3-1: Called Strike 3-2: Strikes out looking
|
| Bottom of the 7th over - 2 runs, 2 hits, 1 error, 3 left on base; Bellingham 1 - Medford 3 |
| TOP OF THE 8TH |
|
Bellingham Mariners batting - Pitching for Medford Nuggets : RHP Anacleto Caiado
|
|
Batting: RHB Juan Delgado
|
0-0: Swinging Strike 0-1: Hit by Pitch
|
|
Batting: LHB Daniel Stryffeler
|
0-0: Ball 1-0: Called Strike 1-1: Called Strike 1-2: Foul Ball, location: 2F 1-2: Ball 2-2: Ball 3-2: Base on Balls Juan Delgado to second
|
|
Batting: LHB Thomas Graziano
|
0-0: Called Strike 0-1: Reached on error, E5 (Groundball, 15, EV 85.6 MPH) Juan Delgado to third Daniel Stryffeler to second
|
|
Batting: RHB Hector Rivera
|
0-0: Foul Ball, location: 2F 0-1: SINGLE (Groundball, 6MD, EV 97.5 MPH) Juan Delgado scores Daniel Stryffeler to third Thomas Graziano to second
|
|
Pinch Hitting: SHB Paul Felix
|
0-0: Ball 1-0: GRAND SLAM HOME RUN (Flyball, 8LXD, EV 95.0 MPH), Distance : 418 ft
|
|
Pitching: RHP Alex Baeza
|
|
|
Batting: RHB Barry Cheesman
|
0-0: Ball 1-0: Called Strike 1-1: Swinging Strike 1-2: Ball 2-2: Strikes out swinging
|
|
Batting: RHB Thomas George
|
0-0: Ball 1-0: Ball 2-0: Ball 3-0: Called Strike 3-1: Base on Balls
|
|
Batting: LHB Dan O'Regan
|
0-0: Ball 1-0: Ball Passed Ball! Thomas George to second 2-0: Fly out, F8 (Line Drive, 8LM, EV 92.5 MPH)
|
|
Batting: RHB Edward Williams
|
0-0: Called Strike 0-1: DOUBLE (Flyball, 8LD, EV 93.1 MPH) Thomas George scores
|
|
Batting: RHB Juan Delgado
|
0-0: DOUBLE (Line Drive, 78D, EV 108.1 MPH) Edward Williams scores
|
|
Batting: LHB Daniel Stryffeler
|
0-0: Called Strike 0-1: Called Strike 0-2: Strikes out swinging
|
| Top of the 8th over - 7 runs, 4 hits, 1 error, 1 left on base; Bellingham 8 - Medford 3 |
| BOTTOM OF THE 8TH |
|
Medford Nuggets batting - Pitching for Bellingham Mariners : RHP Anthony Stearns
|
|
Now at 1B: Joseph Henderson
|
|
|
Batting: RHB Michael Moreno
|
0-0: Called Strike 0-1: Called Strike 0-2: Ball 1-2: Ball 2-2: SINGLE (Groundball, 34D, EV 97.5 MPH)
|
|
Batting: RHB Scot Mitchell
|
0-0: Ball 1-0: Swinging Strike 1-1: Fly out, F9 (Flyball, 89XD, EV 105.0 MPH)
|
|
Batting: RHB Michael Gambeski
|
0-0: Called Strike 0-1: Called Strike 0-2: Ball 1-2: Strikes out looking
|
|
Batting: RHB Jose Gonzalez
|
0-0: Foul Ball, location: 2F 0-1: Fly out, F5 (Flyball, 5D, EV 81.9 MPH)
|
| Bottom of the 8th over - 0 runs, 1 hit, 0 errors, 1 left on base; Bellingham 8 - Medford 3 |
| TOP OF THE 9TH |
|
Bellingham Mariners batting - Pitching for Medford Nuggets : RHP Alex Baeza
|
|
Pitching: RHP David Hanson
|
|
|
Batting: LHB Thomas Graziano
|
0-0: Ball 1-0: Foul Ball, location: 2F 1-1: Ground out 4-3 (Groundball, 4, EV 81.9 MPH)
|
|
Batting: RHB Hector Rivera
|
0-0: Ball 1-0: Ball 2-0: Fly out, F9 (Line Drive, 9, EV 86.3 MPH)
|
|
Batting: SHB Joseph Henderson
|
0-0: Ball 1-0: Called Strike 1-1: Ground out 5-3 (Groundball, 56S, EV 92.5 MPH)
|
| Top of the 9th over - 0 runs, 0 hits, 0 errors, 0 left on base; Bellingham 8 - Medford 3 |
| BOTTOM OF THE 9TH |
|
Medford Nuggets batting - Pitching for Bellingham Mariners : RHP Anthony Stearns
|
|
Pitching: LHP Bernard Gallo
|
|
|
Batting: RHB Tito Nieves
|
0-0: SINGLE (Groundball, 56D, EV 105.6 MPH)
|
|
Batting: RHB Ken Jackson
|
0-0: Swinging Strike 0-1: Ball 1-1: Fielders Choice at 2nd, 5-4 (Groundball, 5L, EV 85.6 MPH)
|
|
Batting: RHB Juan Salinas
|
0-0: SINGLE (Groundball, 4M, EV 81.3 MPH) (infield hit) Ken Jackson to second
|
|
Batting: RHB Carl Hollis
|
0-0: Ball 1-0: Ball 2-0: Grounds into double play, 4-6-3 (Groundball, 4, EV 79.4 MPH)
|
| Bottom of the 9th over - 0 runs, 2 hits, 0 errors, 1 left on base; Bellingham 8 - Medford 3 |
|